 Dungeon Crawl Stone Soup version 0.17-a0-1397-g0eee0a3 (webtiles) character file.

177 Fluffy the Cudgeler (level 5, 0/32 HPs)
             Began as a Gargoyle Fighter on June 17, 2015.
             Slain by a gnoll
             ... wielding a +1 spear of piercing
              (2 damage)
             ... on level 3 of the Dungeon.
             The game lasted 00:03:22 (1807 turns).

Fluffy the Cudgeler (Gargoyle Fighter)              Turns: 1807, Time: 00:03:23

Health: 0/32       AC: 13    Str: 24    XL:     5   Next: 57%
Magic:  5/5        EV:  7    Int:  9    God:
Gold:   216        SH:  9    Dex: 12    Spells: 0 memorised, 4 levels left

rFire  . . .     SeeInvis .     a - +0 flail
rCold  . . .     Clarity  .     b - +0 scale mail
rNeg   + + +     SustAt   .     c - +0 shield
rPois  ∞         Gourm    .     x - +0 helmet
rElec  +         Spirit   .     j - +0 cloak
rCorr  .         Warding  +     (no gloves)
rMut   .         Stasis   .     (no boots)
MR     .....                    i - amulet of warding
Stlth  ..........               y - ring of positive energy
                                p - +2 ring of dexterity

@: mighty, not resistant to hostile enchantments, extremely unstealthy
A: negative energy resistance 1, electricity resistance, unbreathing,
petrification resistance, rot immunity, AC +4
a: no special abilities


You were on level 3 of the Dungeon.
You were not hungry.

You visited 1 branch of the dungeon, and saw 3 of its levels.

You collected 216 gold pieces.

Inventory:

Hand weapons
 a - a +0 flail (weapon)
Armour
 b - a +0 scale mail (worn)
 c - a +0 shield (worn)
 j - a +0 cloak (worn)
 x - a +0 helmet (worn)
Jewellery
 i - an amulet of warding (around neck)
 p - a +2 ring of dexterity (left hand)
 y - a ring of positive energy (right hand)
Scrolls
 f - 2 scrolls of identify {unknown}
 l - a scroll of enchant weapon {unknown}
 r - a scroll of immolation {unknown}
 t - 2 scrolls of remove curse {unknown}
 u - a scroll of noise {unknown}
Potions
 g - a potion of experience {unknown}
 k - a potion of resistance {unknown}
 o - a potion of brilliance {unknown}
 q - a potion of cure mutation {unknown}
 v - a potion of invisibility {unknown}
Comestibles
 e - a bread ration
 h - 3 fruits
 m - a slice of pizza
 n - 2 beef jerkies
 s - a meat ration
 w - a chunk of flesh


   Skills:
 - Level 3.2 Fighting
 + Level 5.6 Maces & Flails
 - Level 3.2 Armour
 - Level 3.2 Shields


You had 4 spell levels left.
You didn't know any spells.

Dungeon Overview and Level Annotations

Branches:
Dungeon (3/15)

Altars:


Innate Abilities, Weirdness & Mutations

You are resistant to torment.
Your stone body is resilient (AC +4).
You are immune to poison.
You resist negative energy.
You are resistant to electric shocks.
You can survive without breathing.
You are immune to petrification.
You are immune to rotting.


Message History

The gnoll is heavily wounded.
The gnoll hits you but does no damage. x2
The orc hits you but does no damage. You block the gnoll's attack.
You thump the orc!
You kill the orc!
The gnoll barely misses you. You block the gnoll's attack.
An orc comes into view. It is wielding a flail.
The orc shouts!
You block the orc's attack.
Things that are here:
a ring mail; a scroll labeled KOTENTU OTESKA You closely miss the orc.
The gnoll hits you but does no damage. The gnoll completely misses you.
The orc hits you but does no damage.
You bludgeon the orc!!
You kill the orc!
You block the gnoll's attack.
The orc throws a tomahawk.
You block the tomahawk.
The gnoll hits you from afar with a spear of piercing.
* * * LOW HITPOINT WARNING * * *
You die...

###.# #.# #...## #.# #
#.)## #.# ### .###.###.#.#
#.# #.. h........#.# #.#
#.# ###.##..#)# #.# #.#
#.#...## ##.###.#
#...#########...##.#
#######..##ggg@)o.......#
.......g.##.######...##.##
#######.###.# #.....#..#
#...# #.# #.###.#..# #.###
#g# #.# #.#..###### #.#
#.# #.###.......... #g#
#.# #.....#......## #.#
#g#####.#.###.####.# #g#
#.............# #.#


You could see 3 gnolls and an orc.

Vanquished Creatures
  Ijyb (D:3)
  A gnoll shaman (D:3)
  Jessica (D:3)
  Robin (D:3)
  A gnoll (D:3)
  2 adders (D:3)
  An ooze (D:1)
  A giant gecko (D:1)
  2 orcs (D:3)
  2 ball pythons
  3 bats
  3 giant cockroaches
  8 goblins
  6 hobgoblins
  5 jackals
  3 giant newts
  7 kobolds
  2 rats (D:1)
50 creatures vanquished.

Notes
Turn   | Place    | Note
--------------------------------------------------------------
     0 | D:1      | Fluffy the Gargoyle Fighter began the quest for the Orb.
     0 | D:1      | Reached XP level 1. HP: 14/14 MP: 1/1
    76 | D:1      | Reached XP level 2. HP: 10/19 MP: 2/2
   536 | D:1      | Reached XP level 3. HP: 21/23 MP: 3/3
  1347 | D:3      | Noticed Jessica
  1351 | D:3      | Killed Jessica
  1351 | D:3      | Reached skill level 4 in Maces & Flails
  1351 | D:3      | Reached XP level 4. HP: 10/28 MP: 4/4
  1553 | D:3      | Noticed Ijyb
  1569 | D:3      | Killed Ijyb
  1662 | D:3      | Noticed Robin
  1688 | D:3      | Killed Robin
  1688 | D:3      | Reached skill level 5 in Maces & Flails
  1688 | D:3      | Reached XP level 5. HP: 27/32 MP: 5/5
  1807 | D:3      | Slain by a gnoll

Vault maps used:
D:1:      arrival_zaba_pyramid
D:2:      moated_statue
D:3:      uniq_natasha, uniq_robin, uniq_iyjb, uniq_jessica

Action                   |  1- 3 |  4- 6 || total
-------------------------+-------+-------++-------
Melee: Flail             |   105 |    94 ||   199
  Use: Potion            |       |     1 ||     1
  Eat: Chunk             |       |     3 ||     3
